General information
- name: BNet
- type: Ladder team game (AT/RT)
- host: Battle.net
- saver: Gobiner
map: SilverpineForest
- players: 6
- length: 19:45
- speed: Fast
- version: 1.21 W3XP
- replay type: Public
» download(152 KB)
Players
team 1 (winner)
Gobiner (
blue | 50 APM | 994 actions | 19:45)
7 Blademaster
3 Wind Walk
3 Critical Strike
1 Bladestorm
» actions
| Assign group hotkey | 35 | |
| Basic commands | 38 | |
| Build / train | 58 | |
| Enter build submenu | 15 | |
| Enter hero's abilities submenu | 7 | |
| Right click | 412 | |
| Select / deselect | 198 | |
| Select group hotkey | 184 | |
| Use ability | 47 | |
994 total
» units
| Peon | 8 | |
| Grunt | 9 | |
| Wind Rider | 7 | |
| Troll Batrider | 1 | |
| Shaman | 4 | |
29 total
» upgrades
| Ranged Weapons | 2 | |
| Armor | 2 | |
| Burning Oil | 1 | |
| Berserker Strength | 1 | |
| Envenomed Spears | 1 | |
| Liquid Fire | 1 | |
| Reinforced Defenses | 1 | |
| Spiked Barricades | 1 | |
| Shaman Training | 1 | |
11 total
» buildings
| Altar of Storms | 1 | |
| Orc Burrow | 7 | |
| Barracks | 1 | |
| Stronghold | 1 | |
| Voodoo Lounge | 1 | |
| Beastiary | 2 | |
| War Mill | 1 | |
| Fortress | 1 | |
| Spirit Lodge | 2 | |
17 total
» build order
00:08 Altar of Storms
00:14 Orc Burrow
00:29 Barracks
01:32 Orc Burrow
02:51 Stronghold
03:56 Voodoo Lounge
04:07 Orc Burrow
05:18 Beastiary
05:21 Beastiary
05:39 Orc Burrow
05:57 Orc Burrow
07:03 War Mill
08:37 Fortress
09:44 Orc Burrow
09:46 Orc Burrow
17:09 Spirit Lodge
17:13 Spirit Lodge
» items
| Staff of Teleportation | 1 | |
| Healing Salve | 2 | |
| Lesser Clarity Potion | 2 | |
| Boots of Speed | 1 | |
| Potion of Lesser Invulnerability | 1 | |
| Orb of Lightning | 1 | |
8 total
kunt.roII (
orange | 136 APM | 2686 actions | 19:44)
3 Mountain King
2 Storm Bolt
1 Bash
3 Paladin
2 Holy Light
1 Divine Shield
» actions
| Assign group hotkey | 53 | |
| Basic commands | 63 | |
| Build / train | 77 | |
| ESC pressed | 6 | |
| Enter build submenu | 16 | |
| Enter hero's abilities submenu | 6 | |
| Remove unit from queue | 2 | |
| Right click | 1239 | |
| Select / deselect | 290 | |
| Select group hotkey | 894 | |
| Use ability | 40 | |
2686 total
» units
| Peasant | 10 | |
| Rifleman | 19 | |
| Mortar Team | 10 | |
| Flying Machine | 10 | |
49 total
» upgrades
| Gunpowder | 3 | |
| Fragmentation Shards | 1 | |
| Long Rifles | 1 | |
| Armor | 1 | |
| Flare | 1 | |
| Barrage | 1 | |
| Flak Cannons | 1 | |
| Flying Machine Bombs | 1 | |
10 total
» buildings
| Altar of Kings | 1 | |
| Farm | 9 | |
| Blacksmith | 1 | |
| Barracks | 1 | |
| Scout Tower | 1 | |
| Arcane Tower | 1 | |
| Keep | 2 | |
| Workshop | 2 | |
| Castle | 1 | |
19 total
» build order
00:08 Altar of Kings
00:35 Farm
00:53 Blacksmith
01:05 Barracks
01:29 Farm
01:45 Scout Tower
02:11 Farm
02:26 Arcane Tower
03:21 Keep
03:30 Farm
04:55 Farm
05:50 Workshop
06:21 Castle
07:18 Farm
08:36 Farm
09:47 Workshop
13:56 Farm
13:56 Farm
» items
| Scroll of Regeneration | 1 | |
| Lesser Clarity Potion | 1 | |
2 total
MrFrosty (
yellow | 134 APM | 2636 actions | 19:44)
5 Archmage
3 Summon Water Elemental
2 Brilliance Aura
5 Mountain King
3 Storm Bolt
2 Bash
» actions
| Assign group hotkey | 27 | |
| Basic commands | 121 | |
| Build / train | 52 | |
| ESC pressed | 1 | |
| Enter build submenu | 22 | |
| Enter hero's abilities submenu | 10 | |
| Give item / drop item | 2 | |
| Right click | 1266 | |
| Select / deselect | 427 | |
| Select group hotkey | 652 | |
| Use ability | 56 | |
2636 total
» units
| Peasant | 8 | |
| Footman | 8 | |
| Priest | 3 | |
| Sorceress | 2 | |
| Spell Breaker | 7 | |
28 total
» upgrades
| Sorceress Training | 2 | |
| Priest Training | 1 | |
3 total
» buildings
| Altar of Kings | 1 | |
| Farm | 13 | |
| Barracks | 1 | |
| Scout Tower | 1 | |
| Arcane Tower | 1 | |
| Keep | 1 | |
| Arcane Vault | 3 | |
| Arcane Sanctum | 2 | |
| Castle | 1 | |
24 total
» build order
00:05 Altar of Kings
00:20 Farm
00:26 Barracks
00:49 Farm
01:24 Farm
01:58 Scout Tower
02:25 Arcane Tower
02:27 Farm
03:14 Keep
03:47 Arcane Vault
05:48 Arcane Sanctum
05:50 Arcane Sanctum
05:52 Farm
07:23 Farm
07:24 Farm
07:27 Farm
07:57 Farm
08:28 Arcane Vault
09:00 Arcane Vault
09:03 Farm
09:32 Farm
14:16 Castle
17:45 Farm
18:08 Farm
» items
| Scroll of Regeneration | 1 | |
| Lesser Clarity Potion | 2 | |
| Potion of Healing | 2 | |
| Staff of Sanctuary | 1 | |
6 total
team 2 (loser)
Doubler24 (
teal | 58 APM | 1092 actions | 18:50)
2 Keeper of the Grove
1 Entangling Roots
1 Thorns Aura
1 Priestess of the Moon
1 Trueshot Aura
» actions
| Assign group hotkey | 36 | |
| Basic commands | 34 | |
| Build / train | 40 | |
| Enter build submenu | 13 | |
| Enter hero's abilities submenu | 3 | |
| Right click | 602 | |
| Select / deselect | 213 | |
| Select group hotkey | 114 | |
| Use ability | 37 | |
1092 total
» units
| Wisp | 11 | |
| Huntress | 7 | |
| Hippogryph | 5 | |
| Chimaera | 9 | |
32 total
» buildings
| Altar of Elders | 1 | |
| Moon Well | 6 | |
| Hunter's Hall | 1 | |
| Ancient of War | 1 | |
| Tree of Ages | 1 | |
| Ancient of Wonders | 1 | |
| Ancient of Wind | 1 | |
| Tree of Eternity | 2 | |
| Chimaera Roost | 2 | |
16 total
» build order
00:43 Altar of Elders
00:45 Moon Well
01:26 Hunter's Hall
01:34 Ancient of War
02:15 Moon Well
03:56 Tree of Ages
04:07 Moon Well
05:08 Ancient of Wonders
05:37 Moon Well
06:36 Ancient of Wind
07:06 Tree of Eternity
07:07 Tree of Eternity
09:30 Chimaera Roost
09:31 Chimaera Roost
10:02 Moon Well
17:52 Moon Well
Samurai619 (
purple | 68 APM | 1335 actions | 19:43)
3 Far Seer
1 Feral Spirit
2 Chain Lighting
4 Tauren Chieftain
1 Shockwave
3 Endurance Aura
2 Shadow Hunter
1 Serpent Ward
1 Healing Wave
» actions
| Assign group hotkey | 25 | |
| Basic commands | 83 | |
| Build / train | 54 | |
| Enter build submenu | 13 | |
| Enter hero's abilities submenu | 9 | |
| Give item / drop item | 1 | |
| Right click | 551 | |
| Select / deselect | 256 | |
| Select group hotkey | 281 | |
| Use ability | 62 | |
1335 total
» units
| Peon | 9 | |
| Grunt | 4 | |
| Troll Witch Doctor | 3 | |
| Tauren | 7 | |
23 total
» upgrades
| Berserker Strength | 1 | |
| Armor | 1 | |
| Witch Doctor Training | 2 | |
| Pulverize | 1 | |
| Melee Weapons | 1 | |
6 total
» buildings
| Altar of Storms | 1 | |
| Orc Burrow | 6 | |
| Barracks | 1 | |
| Voodoo Lounge | 1 | |
| Stronghold | 1 | |
| War Mill | 1 | |
| Spirit Lodge | 1 | |
| Fortress | 1 | |
| Tauren Totem | 2 | |
15 total
» build order
00:08 Altar of Storms
00:27 Orc Burrow
00:46 Barracks
01:49 Orc Burrow
02:23 Voodoo Lounge
03:22 Stronghold
04:12 Orc Burrow
04:16 War Mill
05:47 Spirit Lodge
05:48 Fortress
08:12 Tauren Totem
08:13 Tauren Totem
08:18 Orc Burrow
10:10 Orc Burrow
11:07 Orc Burrow
» items
| Potion of Lesser Invulnerability | 1 | |
| Healing Salve | 1 | |
| Scroll of Town Portal | 2 | |
| Lesser Clarity Potion | 4 | |
| Potion of Healing | 2 | |
| Orb of Lightning | 1 | |
11 total
ThE_AsRada_HAX (
green | 97 APM | 1833 actions | 18:53)
3 Death Knight
2 Death Coil
1 Unholy Aura
3 Lich
2 Frost Nova
1 Frost Armor
» actions
| Assign group hotkey | 27 | |
| Basic commands | 165 | |
| Build / train | 41 | |
| Enter build submenu | 13 | |
| Enter hero's abilities submenu | 6 | |
| Remove unit from queue | 5 | |
| Right click | 924 | |
| Select / deselect | 219 | |
| Select group hotkey | 395 | |
| Use ability | 38 | |
1833 total
» units
| Acolyte | 2 | |
| Ghoul | 10 | |
| Crypt Fiend | 9 | |
21 total
» upgrades
» buildings
| Crypt | 1 | |
| Altar of Darkness | 1 | |
| Ziggurat | 7 | |
| Tomb of Relics | 2 | |
| Graveyard | 2 | |
| Nerubian Tower | 0 | |
| Spirit Tower | 2 | |
| Halls of the Dead | 1 | |
| Necropolis | 1 | |
17 total
» build order
00:16 Crypt
00:18 Altar of Darkness
00:36 Ziggurat
00:56 Tomb of Relics
01:00 Graveyard
01:05 Tomb of Relics
01:11 Ziggurat
01:53 Graveyard
02:18 Nerubian Tower
04:24 Spirit Tower
05:45 Ziggurat
08:28 Halls of the Dead
09:51 Ziggurat
09:52 Ziggurat
09:54 Ziggurat
10:57 Spirit Tower
14:42 Necropolis
14:46 Ziggurat
» items
Chat log
(00:06 / All) kunt.roII: LOL!
(00:10 / Allies) MrFrosty: yeah i ill break basteds
(00:13 / Allies) MrFrosty: casters
(00:16 / All) Samurai619: didnt i rape u guys
(00:18 / All) Gobiner: we play noobs again
(00:18 / All) Samurai619: today
(00:25 / All) kunt.roII: never beaten me
(00:31 / All) kunt.roII: 1-0 even with ur dumb maphack noobs
(00:36 / All) Samurai619: i beat you
(00:38 / All) Samurai619: the day before
(00:41 / All) kunt.roII: neg
(00:41 / All) Samurai619: and today
(00:43 / All) kunt.roII: wasnt me noob
(00:43 / Allies) MrFrosty: ofc they know we srsing
(01:30 / All) Samurai619: no towers this game :*(
(01:34 / All) kunt.roII: :(
(01:34 / All) Samurai619: i was hoping for a 17 hr game
(01:38 / Allies) MrFrosty: im going to play pretty agressive to start
(01:55 / All) Samurai619: saw ur website
(01:59 / Allies) MrFrosty: yah
(02:00 / All) Samurai619: you put alot of workinto it
(02:01 / Allies) MrFrosty: lollllllll
(02:01 / All) Gobiner: gobiner.net?
(02:04 / All) kunt.roII: hahahahahah
(02:06 / All) Samurai619: someting like that
(02:09 / All) Samurai619: highperching
(02:10 / All) Samurai619: i think
(02:13 / All) Samurai619: is what is cclld
(02:15 / Allies) MrFrosty: hahahah
(02:21 / Allies) MrFrosty: holy shit these faggots
(04:03 / Allies) MrFrosty: fuck that
(05:03 / Allies) MrFrosty: wyvs imo
(05:06 / Allies) MrFrosty: w/e
(05:33 / Allies) MrFrosty: ive got a shop
(06:02 / Allies) MrFrosty: oops
(06:21 / Allies) MrFrosty: lets get 2s
(06:23 / Allies) MrFrosty: lvls
(06:27 / Allies) MrFrosty: nvm
(06:33 / Allies) MrFrosty: stay back
(06:37 / Allies) MrFrosty: until casters rdy
(06:53 / Allies) MrFrosty: b
(07:06 / Allies) MrFrosty: no'
(10:40 / Allies) MrFrosty: ziggs
(13:01 / Allies) MrFrosty: move onb imo
(13:59 / Allies) MrFrosty: il need to tech up bit ok
(14:11 / Allies) MrFrosty: hes fucked so
(14:51 / Allies) MrFrosty: burrows
(14:57 / Allies) MrFrosty: unfortified
(16:14 / All) kunt.roII: LOL
(16:19 / All) kunt.roII: nice cancel!
(16:19 / All) Samurai619: what funny
(16:21 / All) Samurai619: the imbalance
(16:22 / All) Samurai619: ?
(16:23 / All) Samurai619: of hman
(16:27 / Allies) MrFrosty: lollllll
(16:28 / All) kunt.roII: or you just suck lmao
(16:37 / Allies) MrFrosty: nice gob
(16:37 / All) Samurai619: #1 i dont see orc
(16:38 / All) Samurai619: with
(16:40 / All) Samurai619: spell stealing
(16:42 / All) Samurai619: melee unit
(16:45 / All) Samurai619: and immune to magic
(16:47 / All) Samurai619: cool eh
(16:48 / All) Gobiner: poor little baby
(16:52 / All) Gobiner: can't win with maphacks
(16:54 / All) Gobiner: got no skills
(17:00 / All) MrFrosty: you picked everyting except human b/c its so imbalanced
(17:12 / All) Samurai619: i dont play
(17:13 / All) Samurai619: Hu
(17:13 / All) Samurai619: idiot
(17:15 / All) Samurai619: its too ez to win
(17:16 / All) Samurai619: u mass
(17:17 / All) Samurai619: socc
(17:18 / All) Samurai619: ONLY
(17:20 / All) Samurai619: and u can win
(17:21 / All) kunt.roII: gurnts
(17:22 / All) Samurai619: imbalance as fuck
(17:23 / Allies) MrFrosty: lolllll
(17:27 / All) kunt.roII: thats not attack m ove at all
(17:28 / All) Samurai619: grunt= not a unit
(17:31 / All) Samurai619: its soo useless
(17:32 / All) Samurai619: its a joke
(18:04 / Allies) MrFrosty: ok master sorcs
(18:53 / All) Gobiner: 2ez
(18:53 / All) Gobiner: nubs
(18:54 / All) kunt.roII: gg noobs
(18:54 / All) MrFrosty: 2ez faggots
(18:55 / All) kunt.roII: 2exz
(18:56 / All) Samurai619: eww
(18:58 / All) Samurai619: when we had
(18:58 / All) Samurai619: ,max
(19:00 / All) Samurai619: u towerd
(19:04 / All) Samurai619: when we dont have max
(19:06 / All) Samurai619: u play normally
(19:07 / All) Samurai619: what newbs
(19:11 / All) kunt.roII: Max?
(19:12 / All) Samurai619: careful newbs
(19:19 / All) Samurai619: you will get unlucky once
(19:21 / All) Samurai619: and me and max
(19:23 / All) Samurai619: will own u
(19:24 / All) kunt.roII: LOL
(19:25 / All) Samurai619: liek we did the day before
(19:27 / All) MrFrosty: cant win with maphacks
(19:29 / All) Samurai619: lucked out allie was newb
(19:30 / All) MrFrosty: l o l
(19:31 / All) Samurai619: mrfrosty
(19:33 / All) Samurai619: your 30%
(19:35 / All) Samurai619: for a reason
(19:36 / All) Samurai619: u suck
(19:36 / All) MrFrosty: 1v1 scrub
(19:37 / All) Samurai619: GG though
(19:39 / All) Samurai619: u cant micro
(19:39 / All) MrFrosty: ill detroy you
(19:40 / All) kunt.roII: JUST WAIT TILLI HAVE MY FRIEND THAT CAN PLAY *AND* MAPHACK
(19:42 / All) Samurai619: filth
(19:43 / All) kunt.roII: THEN WE WILL SHOW U LO!L!O!